 Dungeon Crawl Stone Soup version 0.28-a0-1212-gc6b4282bc0 (webtiles) character file.

Game seed: 13925781063238915880

5 MordorOrchid the Covert (level 1, -1/23 HPs)
             Began as a Gnoll Delver on Dec 21, 2021.
             Slain by a water moccasin skeleton (3 damage)
             ... on level 4 of the Dungeon.
             The game lasted 00:02:29 (325 turns).

MordorOrchid the Covert (Gnoll Delver)               Turns: 325, Time: 00:02:30

Health: -1/23      AC:  3    Str: 11    XL:     1   Next: 80%
Magic:  1/1        EV: 13    Int:  9    God:
Gold:   45         SH:  0    Dex: 13    Spells: 0/0 levels left

rFire   . . .      SeeInvis .   a - +0 falchion
rCold   . . .      Faith    .   (no shield)
rNeg    . . .      Spirit   .   b - +0 leather armour
rPois   .          Reflect  .   (no helmet)
rElec   .          Harm     .   (no cloak)
rCorr   .          Rampage  .   (no gloves)
Will    .....                   (no boots)
Stlth   ++++......              (no amulet)
HPRegen 0.07/turn               (no ring)
MPRegen 0.07/turn               (no ring)

@: attractive, hasted, very quick
A: fangs 1, strong nose, distributed training
a: no special abilities


You were on level 4 of the Dungeon.
You visited 1 branch of the dungeon, and saw 2 of its levels.

You collected 45 gold pieces.

Inventory:

Hand Weapons
 a - a +0 falchion (weapon)
 h - the +1 hand axe "Jonelell" {vorpal, +Blink Str+6}
   (You found it on level 5 of the Dungeon)

   It inflicts extra damage upon your enemies.
   Str:       It affects your strength (+6).
   +Blink:    It lets you blink.
Armour
 b - a +0 leather armour (worn)
Wands
 g - a wand of digging (3)
 j - a wand of charming (6)
Scrolls
 c - a scroll of fog
 d - a scroll of magic mapping
 e - a scroll of fear
 i - a scroll of enchant armour {unknown}


   Skills:
 + Level 6.4 Fighting
 + Level 0.1 Short Blades
 + Level 4.4 Long Blades
 + Level 0.1 Axes
 + Level 0.1 Maces & Flails
 + Level 0.1 Polearms
 + Level 0.1 Staves
 + Level 0.1 Slings
 + Level 0.1 Bows
 + Level 0.1 Crossbows
 + Level 0.1 Throwing
 + Level 0.1 Armour
 + Level 4.4 Dodging
 + Level 9.5 Stealth
 + Level 0.1 Shields
 + Level 0.1 Unarmed Combat
 + Level 0.1 Spellcasting
 + Level 0.1 Conjurations
 + Level 0.1 Hexes
 + Level 0.1 Summonings
 + Level 0.1 Necromancy
 + Level 0.1 Translocations
 + Level 0.1 Transmutations
 + Level 0.1 Fire Magic
 + Level 0.1 Ice Magic
 + Level 0.1 Air Magic
 + Level 0.1 Earth Magic
 + Level 0.1 Poison Magic
 + Level 0.2 Invocations
 + Level 0.1 Evocations


You couldn't memorise any spells.
You didn't know any spells.
Your spell library was empty.

Dungeon Overview and Level Annotations

Branches:
Dungeon (5/15)
 Temple: D:4-7

Altars:

Annotations:
D:4 Sigmund


Innate Abilities, Weirdness & Mutations

You have very sharp teeth.
Your uncanny sense of smell can sniff out nearby items.
Your experience applies equally to all skills.


Message History

Okay, then.
j - a wand of charming (6)
Found a stone staircase leading down.
A water moccasin skeleton comes into view.
Found an orange potion.
k - an orange potion
Found a ruby potion.
The helpless water moccasin skeleton fails to defend itself.
You slash the water moccasin skeleton!
You bite the water moccasin skeleton, but do no damage.
The water moccasin skeleton is moderately damaged.
The water moccasin skeleton bites you.
The water moccasin skeleton closely misses you.
You barely miss the water moccasin skeleton.
The water moccasin skeleton is moderately damaged.
The water moccasin skeleton bites you.
You hit the water moccasin skeleton but do no damage.
The water moccasin skeleton is moderately damaged.
The water moccasin skeleton closely misses you.
You hit the water moccasin skeleton. You bite the water moccasin skeleton.
The water moccasin skeleton is moderately damaged.
The water moccasin skeleton bites you.
* * * LOW HITPOINT WARNING * * *
The water moccasin skeleton bites you.
* * * LOW HITPOINT WARNING * * *
You hit the water moccasin skeleton.
The water moccasin skeleton is heavily damaged.
The water moccasin skeleton closely misses you.
It was a potion of attraction.
You feel attractive to monsters. The water moccasin skeleton misses you.
You feel yourself speed up. The water moccasin skeleton bites you.
* * * LOW HITPOINT WARNING * * *
The water moccasin skeleton is attracted toward you.
The water moccasin skeleton is attracted toward you.
You hit the water moccasin skeleton.
You bite the water moccasin skeleton, but do no damage.
The water moccasin skeleton is heavily damaged.
The water moccasin skeleton bites you.
You die...

############ #####...........
#...#)######.... #.#.#......#....
#.#.#...........
##################.#.#...###.....
..............)..................
############################.....
.......@.......#........ #...
###^...#Z..##..#.####... #..
#....#...# #.#.# #### #..
#####....##..###.#.# #..
).......# #......#.# #.# ....#...
##..ยง..#.# #.# ....#...
###...#.##### #.#


.hg #..# ####.#.....# ###.###.####.. ####....#..##.# You could see a water
moccasin skeleton.

Vanquished Creatures
  An orc (D:4)
  A giant cockroach (D:4)
  A goblin (D:4)
  A kobold (D:4)
4 creatures vanquished.

Notes
Turn   | Place    | Note
-------+----------+-------------------------------------------
     0 | D:5      | Reached skill level 9 in Stealth
     0 | D:5      | MordorOrchid the Gnoll Delver began the quest for the Orb.
     0 | D:5      | Reached XP level 1. HP: 23/23 MP: 1/1
     3 | D:5      | Noticed a water moccasin zombie
     4 | D:5      | Noticed a sky beast
     6 | D:5      | Identified the +1 hand axe "Jonelell" {vorpal, +Blink
                  | Str+6}
    14 | D:5      | Noticed an orc priest
   116 | D:4      | Noticed Sigmund
   158 | D:4      | Noticed a hound
   311 | D:4      | HP: 1/23 [water moccasin skeleton (2)]
   325 | D:4      | Slain by a water moccasin skeleton

Illustrated notes

Levels and vault maps discovered:
D:4:      minmay_recursive_quarters, layout_basic, temple_green,
          kennysheep_generic_room_11, uniq_sigmund
D:5:      layout_rooms, cheibrodos_ashenzari_chains, minmay_misc_feat_columns,
          chequers_serial_rivers_micro_d, chequers_arboretum,
          uniq_crazy_yiuf_cottage, uniq_edmund

Skill      XL: | |
---------------+-+-----
Stealth        | |  9.5
Fighting       | |  6.4
Short Blades   | |  0.1
Long Blades    | |  4.4
Axes           | |  0.1
Maces & Flails | |  0.1
Polearms       | |  0.1
Staves         | |  0.1
Slings         | |  0.1
Bows           | |  0.1
Crossbows      | |  0.1
Throwing       | |  0.1
Armour         | |  0.1
Dodging        | |  4.4
Shields        | |  0.1
Unarmed Combat | |  0.1
Spellcasting   | |  0.1
Conjurations   | |  0.1
Hexes          | |  0.1
Summonings     | |  0.1
Necromancy     | |  0.1
Translocations | |  0.1
Transmutations | |  0.1
Fire Magic     | |  0.1
Ice Magic      | |  0.1
Air Magic      | |  0.1
Earth Magic    | |  0.1
Poison Magic   | |  0.1
Invocations    | |  0.2
Evocations     | |  0.1

Action                   || total
-------------------------++-------
Melee: Falchion          ||    23
       Bite              ||     5
  Use: Potion            ||     2
 Stab: Sleeping          ||     2
Armor: Leather armour    ||     3
Dodge: Dodged            ||    16

Table legend: (Time is in decaauts)
 A = Elapsed time spent in this place.
 B = Non-inter-level travel time spent in this place.
 C = Inter-level travel time spent in this place.
 D = Time resting spent in this place.
 E = Time spent auto-exploring this place.
 F = Levels seen in this place.
 G = Mean time per level.
                   A        B        C        D        E       F      G
               +--------+--------+--------+--------+--------+-----+--------+
         Total |    322 |    322 |      0 |      0 |      0 |   2 |  161.0 |
       Dungeon |    322 |    322 |      0 |      0 |      0 |   2 |  161.0 |
               +--------+--------+--------+--------+--------+-----+--------+

Top non-repeatable levels by time:
     D:4: 290 daAuts
     D:5: 32 daAuts
